[Event "World Junior Chess Championship U20 2022"]
[White "Ballesteros Cardenas, Leonardo"]
[Black "Gatineau, Yovann"]
[WhiteFideId "3428141"]
[BlackFideId "26028999"]
[WhiteElo "2121"]
[BlackElo "2375"]
[Result "0-1"]
[Round "03"]
[TimeControl "5400+30"]
[Date "2022.10.13"]
[WhiteClock "0:25:01"]
[BlackClock "0:20:13"]

1. d4 Nf6 2. c4 e6 3. Nc3 Bb4 4. e3 O-O 5. Bd3 d5 6. Nf3 b6 7. O-O Bb7 8. a3 Bxc3 9. bxc3 dxc4 10. Bxc4 c5 11. Qe2 Nbd7 12. Bd3 Ne4 13. Bb2 Qc7 14. Rac1 Rfd8 15. Rfd1 Rac8 16. Nd2 Ndf6 17. Nxe4 Bxe4 18. Bxe4 Nxe4 19. f3 Nd6 20. e4 b5 21. Ra1 Qa5 22. dxc5 Nc4 23. Rd4 e5 24. Rd5 Rxd5 25. exd5 Rxc5 26. Rd1 Qb6 27. Kh1 Qd6 28. Bc1 Rxd5 29. Rxd5 Qxd5 30. h3 h6 31. Kh2 a5 32. Qc2 Qd7 33. Qe4 f5 34. Qa8+ Kh7 35. Qf8 e4 36. fxe4 fxe4 37. Qf2 Qd6+ 38. g3 Kg8 39. h4 Qe5 40. Qe2 e3 41. a4 Qxc3 42. Qg4 Qc2+ 43. Kh3 b4 44. Qc8+ Kh7 45. Bb2 Qe4 46. Bxg7 Qh1+ 47. Kg4 Qe4+ 48. Kh3 Kxg7 49. Qd7+ Kf6 50. Qd8+ Ke5 51. Qh8+ Kd5 52. Qd8+ Kc5 0-1


[Site "http://www.chessbomb.com"]

[Event "World Junior Chess Championship U20 2022"]
[White "Milosevic, Milos"]
[Black "Hercegovac, Neven"]
[WhiteFideId "964875"]
[BlackFideId "2839135"]
[WhiteElo "2379"]
[BlackElo "2175"]
[Result "1-0"]
[Round "03"]
[TimeControl "5400+30"]
[Date "2022.10.13"]
[WhiteClock "0:22:38"]
[BlackClock "0:23:36"]

1. e4 c5 2. Nc3 Nc6 3. Bb5 Nd4 4. Nf3 g6 5. Ba4 Bg7 6. O-O Nf6 7. d3 O-O 8. Nxd4 cxd4 9. Ne2 Qb6 10. c3 dxc3 11. bxc3 d6 12. Be3 Qa5 13. h3 Bd7 14. Bb3 Rac8 15. f4 a6 16. Qe1 Ba4 17. Rb1 Bxb3 18. axb3 Nd7 19. b4 Qc7 20. Qh4 Bf6 21. Qf2 b5 22. g4 Qb7 23. Rb3 Rc6 24. d4 Nb6 25. d5 Rc4 26. g5 Rxe4 27. Bxb6 Qxd5 28. Qf3 Bg7 29. Ra3 Qc4 30. Ng3 Re6 31. f5 Re5 32. Bd4 Rd5 33. f6 exf6 34. gxf6 Bh6 35. Rxa6 Re8 36. Rfa1 Rxd4 37. cxd4 Be3+ 38. Qxe3 1-0


[Site "http://www.chessbomb.com"]

[Event "World Junior Chess Championship U20 2022"]
[White "Stremavicius, Pijus"]
[Black "Atanasov, Anthony"]
[WhiteFideId "12812730"]
[BlackFideId "2623897"]
[WhiteElo "2363"]
[BlackElo "2148"]
[Result "1-0"]
[Round "03"]
[TimeControl "5400+30"]
[Date "2022.10.13"]
[WhiteClock "0:36:46"]
[BlackClock "0:05:08"]

1. d4 Nf6 2. c4 g6 3. Nc3 d5 4. cxd5 Nxd5 5. e4 Nxc3 6. bxc3 Bg7 7. Bc4 c5 8. Ne2 O-O 9. Be3 Nc6 10. Rc1 cxd4 11. cxd4 Qa5+ 12. Rc3 Nxd4 13. Bxd4 Rd8 14. Qd2 e5 15. Bxf7+ Kh8 16. Rd3 Qxd2+ 17. Kxd2 exd4 18. Bd5 Bf5 19. Rb1 Rab8 20. Rxb7 Rxb7 21. Bxb7 Be6 22. Ra3 Bc4 23. Rxa7 d3 24. Nf4 Bd4 25. Ra8 Rxa8 26. Bxa8 Bxa2 27. Bd5 Bb1 28. f3 Bc5 29. Bb3 Ba3 30. Nd5 Kg7 31. f4 Bb2 32. e5 g5 33. e6 gxf4 34. e7 Kf7 35. Ba4 1-0


[Site "http://www.chessbomb.com"]

[Event "World Junior Chess Championship U20 2022"]
[White "Galaviz Medina, Sion Radamantys"]
[Black "Tripodi, Enzo"]
[WhiteFideId "5123119"]
[BlackFideId "2822674"]
[WhiteElo "2345"]
[BlackElo "2113"]
[Result "1-0"]
[Round "03"]
[TimeControl "5400+30"]
[Date "2022.10.13"]
[WhiteClock "0:25:22"]
[BlackClock "0:55:10"]

1. d4 Nf6 2. c4 e6 3. Nc3 Bb4 4. Qc2 O-O 5. a3 Bxc3+ 6. Qxc3 b6 7. Bg5 Bb7 8. f3 h6 9. Bh4 d6 10. e3 Nbd7 11. Bd3 c5 12. Ne2 Rc8 13. Qd2 Qc7 14. O-O Rfe8 15. Rac1 Qb8 16. b4 d5 17. cxd5 cxd4 18. Nxd4 Nxd5 19. Bb5 Qd6 20. Bg3 Qe7 21. e4 N5f6 22. Bc6 Ba8 23. Bxa8 Rxc1 24. Rxc1 Rxa8 25. Rc7 Qe8 26. Nc6 a5 27. b5 Kh8 28. Qd6 Rc8 29. Rb7 Nc5 30. Re7 Qf8 31. Rc7 Qe8 32. Qe7 Qxe7 33. Nxe7 Rxc7 34. Bxc7 Nfd7 35. Nc8 Na4 36. Kf2 Nc3 37. Nd6 Nb1 38. Nc4 Nc3 39. Nxb6 Nxb5 40. Nxd7 Nxc7 41. a4 f6 42. Ke3 e5 43. Kd3 Kg8 44. Kc4 Kf7 45. Nc5 g6 46. Nb3 Ke6 47. Nxa5 Kd6 48. Nb7+ Kc6 49. Nc5 h5 50. Nd3 g5 51. Nb4+ Kd6 52. Nd5 Ne8 53. Kb5 f5 54. a5 fxe4 55. fxe4 Kd7 56. a6 Nd6+ 57. Kb6 Nc4+ 58. Kc5 1-0


[Site "http://www.chessbomb.com"]

[Event "World Junior Chess Championship U20 2022"]
[White "Utsab, Chatterjee"]
[Black "Dimakis, Stavros"]
[WhiteFideId "46609148"]
[BlackFideId "25879472"]
[WhiteElo "2345"]
[BlackElo "1832"]
[Result "1-0"]
[Round "03"]
[TimeControl "5400+30"]
[Date "2022.10.13"]
[WhiteClock "0:43:57"]
[BlackClock "0:00:35"]

1. e4 e6 2. d4 d5 3. Nd2 Be7 4. Bd3 Nf6 5. e5 Nfd7 6. Ne2 c5 7. c3 b6 8. O-O Ba6 9. Bxa6 Nxa6 10. Nf4 Nc7 11. Re1 a5 12. Nf3 c4 13. a4 b5 14. axb5 Nxb5 15. g3 Nb6 16. h4 a4 17. Qc2 Ra7 18. Nh5 g6 19. Nf4 Qc7 20. Nh3 a3 21. bxa3 Na4 22. Bd2 Nxa3 23. Qc1 Nb5 24. h5 O-O 25. Kg2 Nb6 26. Rxa7 Qxa7 27. Rh1 Qa3 28. Qe1 Na4 29. hxg6 fxg6 30. Nhg5 Naxc3 31. Rxh7 Ne4 32. Bc1 Qa2 33. Rxe7 Nxd4 34. Nxe4 Rxf3 35. Qh1 1-0


[Site "http://www.chessbomb.com"]

[Event "World Junior Chess Championship U20 2022"]
[White "Parkhov, Yair"]
[Black "Avila Rodriguez, Joshua Ad"]
[WhiteFideId "2813408"]
[BlackFideId "5126444"]
[WhiteElo "2484"]
[BlackElo "2225"]
[Result "1/2-1/2"]
[Round "03"]
[TimeControl "5400+30"]
[Date "2022.10.13"]
[WhiteClock "0:03:56"]
[BlackClock "0:06:46"]

1. d4 Nf6 2. c4 e6 3. Nc3 Bb4 4. e3 O-O 5. Bd3 d5 6. a3 Bxc3+ 7. bxc3 dxc4 8. Bxc4 c5 9. Nf3 Qc7 10. Be2 b6 11. Bb2 Bb7 12. O-O Nbd7 13. c4 Rac8 14. Rc1 Rfd8 15. h3 Nf8 16. Qb3 Ng6 17. Rfe1 Bc6 18. a4 a5 19. Red1 Qb7 20. dxc5 Rxd1+ 21. Bxd1 bxc5 22. Qxb7 Bxb7 23. Nd2 Bc6 24. Bc3 Nd7 25. Ra1 Ra8 26. Nb3 Nb6 27. Nxa5 Be8 28. Kf1 f6 29. f4 Ne7 30. Kf2 Ra7 31. Bb3 Kf7 32. g4 h6 33. e4 e5 34. f5 Nec8 35. Kf3 Nd6 36. h4 Ke7 37. Bd2 Kd7 38. Be1 Kc7 39. Ke3 Bf7 40. Kd3 Be8 41. Bc3 Nf7 42. Bc2 Ra8 43. Bb3 Rd8+ 44. Ke3 Ra8 45. Bd2 Kc8 46. Kd3 Kc7 47. Bc2 Bd7 48. Be1 Be8 49. Bc3 Rd8+ 50. Ke2 Ra8 51. Ke3 Bd7 52. Kd3 Be8 53. Ke3 Bd7 1/2-1/2


[Site "http://www.chessbomb.com"]

[Event "World Junior Chess Championship U20 2022"]
[White "Tan, Jun Ying"]
[Black "Olsen, Filip Boe"]
[WhiteFideId "5710413"]
[BlackFideId "1440640"]
[WhiteElo "2189"]
[BlackElo "2433"]
[Result "1-0"]
[Round "03"]
[TimeControl "5400+30"]
[Date "2022.10.13"]
[WhiteClock "0:35:38"]
[BlackClock "0:27:15"]

1. d4 Nf6 2. c4 e6 3. Nc3 Bb4 4. e3 O-O 5. Ne2 Re8 6. a3 Bf8 7. Ng3 d5 8. Be2 b6 9. cxd5 exd5 10. O-O Bb7 11. b4 Nbd7 12. Qb3 c6 13. f3 a5 14. Rb1 axb4 15. axb4 b5 16. e4 Qb6 17. Qd1 Rad8 18. Kh1 dxe4 19. fxe4 Ne5 20. Be3 Nc4 21. Bxc4 bxc4 22. Rxf6 gxf6 23. Qg4+ Kh8 24. Qh4 Be7 25. Nf5 Qc7 26. Bf4 Qd7 27. Rf1 Bc8 28. Bd6 Qxd6 29. Nxd6 Rxd6 30. Qh5 Rf8 31. Rf4 f5 32. exf5 Rg8 33. Qxf7 Bg5 34. Rf1 Rf6 35. Qxc4 Bxf5 36. d5 Be3 37. dxc6 Be6 38. Qd3 Rxf1+ 39. Qxf1 Bd4 40. Qd3 Bf6 41. Qd6 Re8 42. Nd5 Ra8 43. h3 1-0


[Site "http://www.chessbomb.com"]

[Event "World Junior Chess Championship U20 2022"]
[White "Johannsson, Birkir Isak"]
[Black "Cappelletto, Joshuaede"]
[WhiteFideId "2314673"]
[BlackFideId "2824383"]
[WhiteElo "2165"]
[BlackElo "2337"]
[Result "1-0"]
[Round "03"]
[TimeControl "5400+30"]
[Date "2022.10.13"]
[WhiteClock "0:01:59"]
[BlackClock "0:09:06"]

1. Nf3 c5 2. c4 Nc6 3. Nc3 g6 4. e3 Nf6 5. d4 cxd4 6. exd4 d5 7. cxd5 Nxd5 8. Qb3 e6 9. Bb5 Bg7 10. O-O O-O 11. Bxc6 bxc6 12. Re1 Qb6 13. Qc2 Rb8 14. Na4 Qb5 15. Nc5 a5 16. b3 Nb4 17. Qc3 Rd8 18. Bb2 Rd5 19. Ne5 Ra8 20. h4 Na6 21. Ne4 f5 22. Ng5 c5 23. Rad1 Nb4 24. h5 h6 25. Ngf3 g5 26. a3 Nc6 27. a4 Qa6 28. dxc5 Nxe5 29. Rxd5 Nxf3+ 30. Qxf3 Bxb2 31. Rd8+ Kh7 32. Rd6 Qb7 33. Qxb7+ 1-0


[Site "http://www.chessbomb.com"]

[Event "World Junior Chess Championship U20 2022"]
[White "Zemach, Nadav"]
[Black "Nemeth, Zalan"]
[WhiteFideId "2820927"]
[BlackFideId "2512041"]
[WhiteElo "2293"]
[BlackElo "2247"]
[Result "1/2-1/2"]
[Round "03"]
[TimeControl "5400+30"]
[Date "2022.10.13"]
[WhiteClock "0:03:01"]
[BlackClock "0:19:12"]

1. d4 d5 2. c4 e6 3. Nf3 Nf6 4. g3 dxc4 5. Bg2 Bb4+ 6. Bd2 a5 7. a3 Bxd2+ 8. Nbxd2 b5 9. b3 cxb3 10. Qxb3 c6 11. O-O O-O 12. Rfc1 Bb7 13. Qb2 Nbd7 14. Ne1 Qb8 15. Nd3 Rc8 16. e4 Ba6 17. e5 Nd5 18. Ne4 N5b6 19. Qe2 Rc7 20. Nd6 Nc4 21. Nc5 Nxc5 22. dxc5 Qa7 23. a4 Rd8 24. axb5 cxb5 25. c6 a4 26. Nxc4 bxc4 27. Rxa4 Qb6 28. h4 Rxc6 29. Bxc6 Qxc6 30. Rxa6 Qxa6 31. Qxc4 Qxc4 32. Rxc4 h5 33. Rc7 1/2-1/2


[Site "http://www.chessbomb.com"]

[Event "World Junior Chess Championship U20 2022"]
[White "Sitbon, Itay"]
[Black "Vagman, Roy"]
[WhiteFideId "2820706"]
[BlackFideId "2828995"]
[WhiteElo "2133"]
[BlackElo "2274"]
[Result "1/2-1/2"]
[Round "03"]
[TimeControl "5400+30"]
[Date "2022.10.13"]
[WhiteClock "0:11:40"]
[BlackClock "0:06:39"]

1. Nf3 d5 2. d4 Nf6 3. g3 e6 4. Bg2 b5 5. O-O a5 6. a4 b4 7. c4 bxc3 8. bxc3 Bd6 9. Ba3 Ba6 10. Re1 Nbd7 11. Nfd2 O-O 12. e4 dxe4 13. Nxe4 Nxe4 14. Bxe4 Rb8 15. Qh5 Nf6 16. Qxa5 Nxe4 17. Qxa6 Ng5 18. Qc6 Bxa3 19. Nxa3 Rb2 20. Rf1 Qf6 21. h4 Qf3 22. Qxf3 Nxf3+ 23. Kg2 Nd2 24. Rfe1 Ra8 25. Nb5 c5 26. dxc5 Nb3 27. Rab1 Rxb1 28. Rxb1 Nxc5 29. Nc7 Rc8 30. a5 g6 31. Nb5 Ra8 32. Nc7 Rxa5 33. Rb8+ Kg7 34. Ne8+ Kf8 35. Nf6+ Ke7 36. Nxh7 f6 37. g4 e5 38. g5 f5 39. Nf6 Ne6 40. Rb7+ Kd6 41. Rb6+ Ke7 42. c4 Nf4+ 43. Kh2 Ra2 44. Nd5+ Nxd5 45. cxd5 Rxf2+ 46. Kg3 Rd2 47. Re6+ Kd7 48. Rxe5 Rd3+ 49. Kg2 Kd6 50. Re6+ Kxd5 51. Rxg6 Ke4 52. Re6+ Kf4 53. g6 Rd2+ 54. Kf1 Rd1+ 55. Kf2 Rd2+ 56. Re2 Rd8 57. Kg1 Kg3 58. Rg2+ Kh3 59. Rh2+ Kg3 60. Rg2+ Kh3 1/2-1/2


[Site "http://www.chessbomb.com"]

[Event "World Junior Chess Championship U20 2022"]
[White "Nouri, Alekhine"]
[Black "Stolyarsky, Yegor"]
[WhiteFideId "5216184"]
[BlackFideId "2814595"]
[WhiteElo "2251"]
[BlackElo "1987"]
[Result "1/2-1/2"]
[Round "03"]
[TimeControl "5400+30"]
[Date "2022.10.13"]
[WhiteClock "0:12:13"]
[BlackClock "0:04:37"]

1. e4 e5 2. Nf3 Nc6 3. d4 exd4 4. Nxd4 Nf6 5. Nxc6 bxc6 6. Nd2 g6 7. e5 Qe7 8. Nf3 Bg7 9. Qe2 Ng4 10. Bg5 Qc5 11. O-O-O O-O 12. Nd4 d6 13. f4 dxe5 14. h3 Ne3 15. Qxe3 exd4 16. Qe7 Qb6 17. Bc4 c5 18. Rhe1 d3 19. Re5 Ba6 20. Bxd3 Bxd3 21. Rxd3 h6 22. Bh4 Qb4 23. Bg3 Bxe5 24. fxe5 Rab8 25. b3 c4 26. Qxb4 Rxb4 27. Rd7 cxb3 28. axb3 Rc8 29. Kd2 Rb6 30. Bf4 g5 31. Be3 Re6 32. Rd5 a6 33. Bd4 Kh7 34. b4 Kg6 35. c3 Rce8 36. Rc5 R8e7 37. g4 Rd7 38. Kd3 f5 39. Ra5 fxg4 40. hxg4 Rf7 41. Be3 h5 42. gxh5+ Kxh5 43. Ke4 g4 44. Bf4 Kg6 45. c4 Rb6 46. Ra1 Rd7 47. Rg1 Rxb4 48. Rxg4+ Kh7 49. Rh4+ Kg8 50. e6 Rxc4+ 51. Kf5 Re7 52. Rg4+ Rg7 53. e7 Rxf4+ 54. Rxf4 Rxe7 55. Ra4 Kf7 56. Rxa6 Rd7 57. Ke5 Ke7 58. Ra7 Kd8 59. Ra8+ Ke7 60. Ra7 Kf7 61. Rb7 Ke8 62. Rb8+ Ke7 63. Rb7 Kf7 64. Ra7 Re7+ 65. Kf5 Ke8 66. Ra1 Kd7 67. Rd1+ Kc8 68. Rc1 Re2 69. Kf6 Re3 70. Rc2 Kd7 71. Rd2+ Kc6 72. Rc2+ Kb6 73. Rb2+ Ka7 74. Rc2 Kb8 75. Rb2+ Kc8 76. Rc2 Re1 77. Kf5 Re7 78. Rc1 Rd7 79. Ke6 Rd6+ 80. Ke5 Kd7 81. Rc4 Rd1 82. Ke4 Rd6 83. Ke5 Rh6 84. Rd4+ Kc6 85. Rc4+ Kb6 86. Rc1 c5 87. Kd5 Rh5+ 88. Kc4 Rh4+ 89. Kc3 Rh3+ 90. Kc4 Rh4+ 91. Kc3 Rb4 92. Rh1 Ra4 93. Rh8 Kb7 94. Rg8 Ra1 95. Rg6 Rc1+ 96. Kb2 Rh1 97. Kc3 Rh4 98. Rf6 Rg4 99. Rh6 Rf4 100. Rg6 Rh4 101. Rf6 Rg4 102. Rh6 Rf4 103. Rg6 Rh4 1/2-1/2


[Site "http://www.chessbomb.com"]

[Event "World Junior Chess Championship U20 2022"]
[White "Urbani, Gabriel"]
[Black "Raahul, V S"]
[WhiteFideId "2830138"]
[BlackFideId "25035525"]
[WhiteElo "2129"]
[BlackElo "2333"]
[Result "1/2-1/2"]
[Round "03"]
[TimeControl "5400+30"]
[Date "2022.10.13"]
[WhiteClock "0:02:46"]
[BlackClock "0:07:54"]

1. e4 e5 2. Nf3 Nc6 3. Bb5 g6 4. c3 d6 5. d4 Bd7 6. O-O Bg7 7. Be3 Nf6 8. Nbd2 Qe7 9. Re1 O-O 10. Bd3 Nh5 11. d5 Nd8 12. c4 c5 13. dxc6 bxc6 14. b4 Ne6 15. Rc1 c5 16. bxc5 dxc5 17. Nb1 Nd4 18. Nc3 Nf6 19. Bxd4 exd4 20. Nd5 Qd8 21. Nd2 Be6 22. Nb3 Rc8 23. h3 Nh5 24. Qd2 Be5 25. f4 Bxd5 26. fxe5 Ba8 27. Be2 Ng7 28. Bg4 Rc6 29. Rb1 Qe7 30. Qf4 Ra6 31. Rb2 Rb6 32. Rf2 h5 33. Bd1 Re6 34. Bc2 Rxe5 35. Nd2 g5 36. Qg3 f5 37. Ref1 f4 38. Qa3 h4 39. Rb1 Bc6 40. Rf3 Nh5 41. Rfb3 Ng3 42. Rb8 Rxb8 43. Rxb8+ Kg7 44. Qa5 Bxe4 45. Bxe4 Nxe4 46. Nxe4 Rxe4 47. Qa6 Re1+ 48. Kh2 f3 49. Rb7 f2 50. Rxe7+ Rxe7 51. Qd6 f1=Q 52. Qxe7+ Kg6 53. Qxc5 Qf4+ 54. Kh1 d3 55. Qc6+ Qf6 56. Qe4+ Qf5 57. Qe8+ Kf6 58. Qc6+ Ke7 59. Qc7+ Qd7 60. Qc5+ Kf6 61. Qf2+ Kg6 62. Qd2 Kf5 63. c5 Ke4 64. Qb4+ Qd4 65. Qb7+ Qd5 66. Qb4+ Ke3 67. Qe1+ Kd4 68. Qg1+ Kc4 69. c6 d2 70. c7 Qc6 71. Qb1 Kd4 72. Qb2+ Kd3 73. Qa3+ Kc2 74. Qb3+ Kc1 75. Qa3+ Kd1 76. Qf3+ Qxf3 77. gxf3 Ke2 78. c8=Q d1=Q+ 79. Kh2 Qd2 80. Kh1 Qe1+ 81. Kh2 Kf1 82. Qg4 Qf2+ 83. Kh1 Qg3 84. Qc4+ Kf2 85. Qc2+ Kxf3 86. Qd3+ Kf4 87. Qd4+ Kf5 88. Qd5+ Qe5 89. Qf7+ Ke4 90. Qxa7 Qd5 91. Qf2 Ke5+ 1/2-1/2


[Site "http://www.chessbomb.com"]

[Event "World Junior Chess Championship U20 2022"]
[White "Bettalli, Francesco"]
[Black "Vairo, Rocco Enrico"]
[WhiteFideId "2816453"]
[BlackFideId "2839437"]
[WhiteElo "2267"]
[BlackElo "1960"]
[Result "1/2-1/2"]
[Round "03"]
[TimeControl "5400+30"]
[Date "2022.10.13"]
[WhiteClock "1:15:40"]
[BlackClock "0:29:24"]

1. e4 c5 2. Nc3 Nc6 3. Bb5 Nd4 4. Nf3 e6 5. O-O a6 6. Bd3 Nc6 7. Nd5 Nf6 8. Re1 d6 9. Nxf6+ Qxf6 10. c3 Be7 11. Bc2 e5 12. h3 O-O 13. a3 Qg6 14. Kh1 Qh5 15. Qe2 b5 16. b4 a5 17. bxc5 dxc5 18. Bd1 Ba6 19. Qe3 Qg6 20. Bb2 c4 21. a4 Rab8 22. axb5 Rxb5 23. Ba3 Bxa3 24. Rxa3 Qd6 25. Ra2 Rfb8 26. Ba4 Rc5 27. Rea1 Nd8 28. Bc2 Qc7 29. Ng1 Ne6 30. g3 Rd8 31. Kg2 Rd6 32. Rb2 Rb5 33. Rxb5 Bxb5 34. Nf3 Rd8 35. Rb1 Rb8 36. Qe2 Nc5 37. Nh2 Nb3 38. Qd1 Bc6 39. d3 Nc5 40. dxc4 Nxe4 41. Rxb8+ Qxb8 42. f3 Nf6 43. Nf1 e4 44. fxe4 1/2-1/2


[Site "http://www.chessbomb.com"]

[Event "World Junior Chess Championship U20 2022"]
[White "Liloni, Francesco Mattia"]
[Black "Gagic, Milan A"]
[WhiteFideId "2872264"]
[BlackFideId "979805"]
[WhiteElo "1876"]
[BlackElo "2125"]
[Result "1-0"]
[Round "03"]
[TimeControl "5400+30"]
[Date "2022.10.13"]
[WhiteClock "0:59:53"]
[BlackClock "0:03:21"]

1. e4 d5 2. exd5 Qxd5 3. Nf3 Bg4 4. Be2 Nc6 5. O-O Nf6 6. h3 Bh5 7. Nc3 Qd7 8. b4 a6 9. Rb1 e6 10. b5 axb5 11. Rxb5 Ra7 12. d4 Bxf3 13. Bxf3 Nxd4 14. Rxb7 Rxb7 15. Bxb7 Be7 16. Be3 c5 17. Ba6 O-O 18. a4 Rd8 19. Qb1 Qd6 20. Bc4 Rb8 21. Qa2 Qe5 22. Nb5 Nxb5 23. Bxb5 Bd6 24. g3 Nh5 25. Qa1 Qf5 26. Qd1 Rd8 27. Qg4 Qe5 28. Rd1 Nf6 29. Qf4 Qxf4 30. Bxf4 Bc7 31. Rxd8+ Bxd8 32. c4 Ne4 33. Bc6 Nc3 34. Kf1 f6 35. Bd2 Nb1 36. Be1 Na3 37. Bb5 Nc2 38. Bd2 Nd4 39. f4 Kf7 40. Kf2 Ke7 41. g4 Kd6 42. Ke3 h5 43. gxh5 Nf5+ 44. Ke4 Ng3+ 45. Kf3 Nf5 46. a5 Nd4+ 47. Ke3 Bc7 48. a6 Bb6 49. Ba5 Ba7 50. Ke4 f5+ 51. Kd3 e5 52. fxe5+ Kxe5 53. Bc7+ Kf6 54. Ke3 Ne6 55. Bd6 Nd4 56. Be8 Ne6 57. h4 Nd4 58. Bd7 g5 59. h6 gxh4 60. Be8 f4+ 61. Bxf4 Nf5+ 62. Kf3 1-0


[Site "http://www.chessbomb.com"]

[Event "World Junior Chess Championship U20 2022"]
[White "Porcu, Riccardo"]
[Black "Gov, Guy"]
[WhiteFideId "28536690"]
[BlackFideId "2820200"]
[WhiteElo "1759"]
[BlackElo "2121"]
[Result "0-1"]
[Round "03"]
[TimeControl "5400+30"]
[Date "2022.10.13"]
[WhiteClock "0:00:32"]
[BlackClock "0:06:20"]

1. e4 e5 2. Nc3 Nf6 3. f4 d5 4. fxe5 Nxe4 5. Nf3 Bc5 6. d4 Bb4 7. Bd2 Nxd2 8. Qxd2 Bf5 9. Bd3 Bxd3 10. Qxd3 O-O 11. O-O-O Nc6 12. h4 Bxc3 13. bxc3 Qe7 14. Ng5 g6 15. Rdf1 Na5 16. Rf6 Nc4 17. Qh3 Qa3+ 18. Kd1 Qxa2 19. h5 Qb1+ 20. Ke2 Qxc2+ 21. Kf1 Qc1+ 22. Kf2 Qd2+ 23. Kf1 Qxg5 24. hxg6 h5 25. gxf7+ Kg7 26. Qd3 Nd2+ 27. Kg1 Ne4 28. Rf3 Rxf7 29. Rhh3 Rxf3 30. Qxf3 h4 31. c4 Rf8 32. Qa3 Ng3 0-1


[Site "http://www.chessbomb.com"]

[Event "World Junior Chess Championship U20 2022"]
[White "Carroll, Peter"]
[Black "De Ieso, Lorenzo"]
[WhiteFideId "2510243"]
[BlackFideId "2894101"]
[WhiteElo "2115"]
[BlackElo "1938"]
[Result "0-1"]
[Round "03"]
[TimeControl "5400+30"]
[Date "2022.10.13"]
[WhiteClock "0:39:35"]
[BlackClock "1:17:55"]

1. d4 Nf6 2. Nc3 d5 3. Bf4 a6 4. e3 Bf5 5. f3 h5 6. Bd3 Bxd3 7. Qxd3 e6 8. e4 c5 9. e5 Nfd7 10. Nge2 Nc6 11. O-O-O c4 12. Qe3 b5 13. Rhe1 Nb6 14. Bg5 Be7 15. f4 b4 16. Nb1 c3 17. bxc3 Nc4 18. Qg3 Qa5 19. cxb4 Nxb4 20. Nec3 Qxa2 21. Nxa2 Nxa2# 0-1


[Site "http://www.chessbomb.com"]

[Event "World Junior Chess Championship U20 2022"]
[White "Djurovic, Peko"]
[Black "van der Merwe, Alexander"]
[WhiteFideId "16503902"]
[BlackFideId "14323842"]
[WhiteElo "2084"]
[BlackElo "1746"]
[Result "1-0"]
[Round "03"]
[TimeControl "5400+30"]
[Date "2022.10.13"]
[WhiteClock "0:08:50"]
[BlackClock "0:03:58"]

1. e4 c5 2. Nf3 d6 3. d4 cxd4 4. Nxd4 Nf6 5. Nc3 a6 6. h3 e5 7. Nde2 h5 8. g3 Nbd7 9. Bg2 b5 10. O-O Bb7 11. Be3 Be7 12. Nd5 Nxd5 13. exd5 Rc8 14. f4 Bf6 15. Nc3 h4 16. Ne4 Be7 17. g4 exf4 18. Bxf4 O-O 19. Qd3 Nc5 20. Nxc5 Rxc5 21. c3 a5 22. Be3 Rc4 23. b3 Rc8 24. Qxb5 Qc7 25. Rac1 Ra8 26. Qd3 a4 27. b4 a3 28. c4 Qd7 29. Bd4 Bg5 30. Rce1 Rfc8 31. Rf5 f6 32. c5 Qa4 33. Rxg5 Re8 34. Rxe8+ Qxe8 35. Bxf6 Qe1+ 36. Kh2 Qxb4 37. Rxg7+ Kf8 38. Bd4 1-0


[Site "http://www.chessbomb.com"]

[Event "World Junior Chess Championship U20 2022"]
[White "Monferrato, Rocco"]
[Black "Javornik, Nik"]
[WhiteFideId "3016536"]
[BlackFideId "14636549"]
[WhiteElo "1563"]
[BlackElo "2064"]
[Result "0-1"]
[Round "03"]
[TimeControl "5400+30"]
[Date "2022.10.13"]
[WhiteClock "0:09:05"]
[BlackClock "0:36:23"]

1. c4 Nf6 2. Nc3 g6 3. g3 Bg7 4. Bg2 d6 5. d4 O-O 6. e4 e5 7. d5 a5 8. a4 Na6 9. Nge2 Nc5 10. Be3 b6 11. O-O Ng4 12. Bxc5 bxc5 13. Nb5 f5 14. h3 Nh6 15. Nec3 Rf7 16. Kh2 Bd7 17. f3 Kh8 18. Qc2 Ng8 19. Ne2 h5 20. h4 f4 21. Rh1 Bh6 22. gxf4 Bxf4+ 23. Kg1 Be3+ 24. Kf1 Qf8 25. Ng1 Bg4 26. Nxc7 Rxc7 27. Ke2 Bxg1 28. Raxg1 Rf7 29. Qd3 Bd7 30. Bh3 Bxh3 31. Rxh3 Kh7 32. Rhg3 Ne7 33. Qe3 Rf4 34. Qd2 Rb8 35. Rf1 Qf6 36. Qxa5 Rxe4+ 37. fxe4 Rxb2+ 38. Ke3 Qxf1 0-1


[Site "http://www.chessbomb.com"]

[Event "World Junior Chess Championship U20 2022"]
[White "Pennica, Andrea"]
[Black "Vivoli, Alessandro"]
[WhiteFideId "2816828"]
[BlackFideId "11800240"]
[WhiteElo "2037"]
[BlackElo "1555"]
[Result "1-0"]
[Round "03"]
[TimeControl "5400+30"]
[Date "2022.10.13"]
[WhiteClock "0:40:27"]
[BlackClock "0:38:04"]

1. e4 e5 2. Nf3 Nc6 3. Bc4 Bc5 4. O-O Nf6 5. d4 exd4 6. e5 d5 7. exf6 dxc4 8. fxg7 Rg8 9. Re1+ Be6 10. Bg5 Be7 11. Bxe7 Qxe7 12. Nxd4 Rd8 13. c3 Qf6 14. Qa4 Rxd4 15. cxd4 Qxd4 16. Nc3 Qxg7 17. g3 Kd8 18. Rad1+ Kc8 19. Nd5 Kb8 20. Qxc4 Rd8 21. Qc3 Qg5 22. h4 Qh6 23. Nb4 Rg8 24. Nxc6+ bxc6 25. Qxc6 Qxh4 26. Rd3 Qg5 27. Rxe6 fxe6 28. Rb3+ Kc8 29. Qxe6+ Kd8 30. Rb8# 1-0


[Site "http://www.chessbomb.com"]

[Event "World Junior Chess Championship U20 2022"]
[White "Abdulla, Younes Alkhemeiri"]
[Black "Candian, Lorenzo"]
[WhiteFideId "9324577"]
[BlackFideId "2863664"]
[WhiteElo "1405"]
[BlackElo "2022"]
[Result "0-1"]
[Round "03"]
[TimeControl "5400+30"]
[Date "2022.10.13"]
[WhiteClock "0:56:54"]
[BlackClock "0:38:45"]

1. d4 Nf6 2. c4 c5 3. d5 e6 4. Nc3 exd5 5. cxd5 d6 6. e4 g6 7. Bb5+ Nbd7 8. Nf3 Bg7 9. O-O a6 10. Bxd7+ Nxd7 11. a4 O-O 12. Bf4 Qc7 13. Re1 Re8 14. Qc1 Rb8 15. Bh6 Bh8 16. Qd2 c4 17. Rac1 Nc5 18. Rcd1 Bg4 19. h3 Bxf3 20. gxf3 Qd7 21. Kh2 Nd3 22. Rg1 b5 23. axb5 axb5 24. Ne2 Nxf2 25. Nf4 Nxd1 26. Rxd1 Be5 27. Rg1 b4 28. Kg2 c3 29. bxc3 bxc3 0-1


[Site "http://www.chessbomb.com"]

[Event "World Junior Chess Championship U20 2022"]
[White "Persico, Lorenzo"]
[Black "Ghaith, Saeed Alnuaimi"]
[WhiteFideId "899240"]
[BlackFideId "9309152"]
[WhiteElo "2007"]
[BlackElo "1269"]
[Result "1-0"]
[Round "03"]
[TimeControl "5400+30"]
[Date "2022.10.13"]
[WhiteClock "0:05:29"]
[BlackClock "1:07:35"]

1. e4 c6 2. d4 d5 3. e5 Bf5 4. h4 h5 5. Bg5 Qb6 6. Bd3 Bxd3 7. Qxd3 e6 8. Nd2 Nd7 9. Ne2 Nh6 10. O-O c5 11. c4 cxd4 12. cxd5 Nxe5 13. Qe4 f6 14. Bxh6 exd5 15. Qxd5 Rxh6 16. Nc4 Qc6 17. Qxc6+ bxc6 18. Rac1 Nxc4 19. Rxc4 c5 20. Nf4 Kd7 21. Nd3 Rc8 22. Rfc1 a5 23. Nxc5+ Bxc5 24. Rxc5 Rxc5 25. Rxc5 Kd6 26. Rxa5 Rh8 27. Ra3 Kd5 28. Rd3 Kc4 29. Rd2 Re8 30. Kf1 d3 31. f3 g5 32. hxg5 fxg5 33. Kf2 Ra8 34. Ke1 Rxa2 35. b3+ Kxb3 36. Rxa2 Kxa2 37. Kd2 Kb2 38. Kxd3 Kc1 39. Ke4 Kd2 40. Kf5 1-0


[Site "http://www.chessbomb.com"]

[Event "World Junior Chess Championship U20 2022"]
[White "Karsten, Jan"]
[Black "Ahmed, Younes Alkhemeiri"]
[WhiteFideId "14350653"]
[BlackFideId "9324585"]
[WhiteElo "1985"]
[BlackElo "1139"]
[Result "1-0"]
[Round "03"]
[TimeControl "5400+30"]
[Date "2022.10.13"]
[WhiteClock "0:29:04"]
[BlackClock "1:02:17"]

1. e4 e5 2. Nf3 Nc6 3. Bc4 Bc5 4. c3 Nf6 5. d3 O-O 6. O-O d6 7. h3 h6 8. Re1 Re8 9. b4 Bb6 10. a4 a6 11. Nbd2 Bd7 12. Bb2 Ne7 13. Qb3 Rf8 14. d4 Ng6 15. Bf1 Be6 16. Qc2 Nf4 17. c4 exd4 18. Nxd4 c5 19. Nxe6 fxe6 20. e5 dxe5 21. Bxe5 Ng6 22. Qxg6 Qxd2 23. Rad1 Qg5 24. Qxg5 hxg5 25. Bd6 Rfe8 26. bxc5 Ba5 27. Re5 g4 28. hxg4 Nxg4 29. Rg5 Nf6 30. c6 b6 31. Be5 Kf7 32. Bd3 Kf8 1-0


[Site "http://www.chessbomb.com"]